 Dungeon Crawl Stone Soup version 0.18-a0-1782-gb76a692 (console) character file.

31 sorlin the Insei (level 2, 0/22 HPs)
             Began as a Demigod Transmuter on Apr 17, 2016.
             Slain by a hound (5 damage)
             ... on level 2 of the Dungeon.
             The game lasted 00:04:11 (1499 turns).

sorlin the Insei (Demigod Transmuter)               Turns: 1499, Time: 00:04:12

Health: 0/22       AC:  2    Str: 13    XL:     2   Next: 90%
Magic:  7/7        EV: 18    Int: 17    God:
Gold:   136        SH:  0    Dex: 21    Spells: 1 memorised, 3 levels left

rFire  . . .     SeeInvis .       - Unarmed
rCold  . . .     Gourm    .     b - +0 robe
rNeg   . . .     Faith    .     (no shield)
rPois  .         Spirit   .     (no helmet)
rElec  .         Dismiss  .     (no cloak)
rCorr  .         Reflect  .     (no gloves)
SustAt +         Harm     .     (boots currently unavailable)
MR     .....                    (no amulet)
Stlth  +++.......               (no ring)
                                (no ring)

@: agile, appendage (expiring), not resistant to hostile enchantments, fairly
stealthy
A: talons 3, high mp 1, sustain attributes
a: End Transformation


You were on level 2 of the Dungeon.
You were not hungry.
You had grown temporary talons.
You visited 1 branch of the dungeon, and saw 2 of its levels.

You collected 136 gold pieces.


Innate Abilities, Weirdness & Mutations

You have an increased reservoir of magic (+10% MP).
Your attributes are resistant to harm.
You have claws for feet.


   Skills:
 - Level 0.8 Fighting
 - Level 1.7 Dodging
 + Level 3.8 Unarmed Combat
 - Level 1.7 Spellcasting
 - Level 1.7 Transmutations


You had 3 spell levels left.
You knew the following spells:

 Your Spells              Type           Power        Failure   Level  Hunger
a - Beastly Appendage     Trmt           #.....       12%         1    #......

Inventory:

Missiles
 a - 40 arrows
 g - 59 stones (quivered)
 j - 7 poisoned needles
Armour
 b - a +0 robe (worn)
Jewellery
 i - an uncursed ring of fire
Scrolls
 e - a scroll of immolation {unknown}
 l - a scroll of amnesia {unknown}
Potions
 f - a potion of flight {unknown}
 h - a potion of ambrosia {unknown}
 k - a potion of agility {!q}
Books
 c - a book of Changes

   Spells                             Type                      Level
   a - Beastly Appendage              Transmutation                1
   b - Sticks to Snakes               Transmutation                2
   c - Spider Form                    Transmutation/Poison         3
   d - Ice Form                       Ice/Transmutation            4
   e - Blade Hands                    Transmutation                5
Comestibles
 d - a bread ration {!e}


Message History

Found a stone staircase leading down.
a - 40 arrows (gained 28)
A hound is nearby!
Your feet morph into talons.
The hound barks!
Throwing (i - inventory):
g - 62 stones (quivered)
Aim: a hound You throw a stone.
The stone closely misses the hound.
Your transformation is almost over.
Throwing (i - inventory):
g - 61 stones (quivered)
Aim: a hound You throw a stone.
The stone hits the hound.
The hound is lightly wounded.
Throwing (i - inventory):
g - 60 stones (quivered)
Aim: a hound (lightly wounded)
You throw a stone.
The stone hits the hound but does no damage.
The hound is lightly wounded.
The hound barely misses you.
You miss the hound.
The hound is lightly wounded.
The hound bites you. x2
You take 2 damage.
You hit the hound.
The hound is moderately wounded.
The hound bites you.
You take 4 damage.
You barely miss the hound.
The hound is moderately wounded.
The hound bites you.
You take 3 damage.
You closely miss the hound.
The hound is moderately wounded.
The hound bites you.
* * * LOW HITPOINT WARNING * * *
The hound closely misses you.
You take 6 damage.
You hit the hound. You claw the hound.
The hound is heavily wounded.
The hound bites you.
* * * LOW HITPOINT WARNING * * *
You take 2 damage.
Drink which item? (? for menu, Esc to quit)
It was a potion of agility.
You feel agile all of a sudden. The hound misses you.
You hit the hound but do no damage. You claw the hound.
The hound is severely wounded.
The hound bites you.
You die...

.# #.. . # ####.#### #.#..
#### #........ ....# #...
#.##.##.##... #.##
#.##.......# #.##
#.##.##....# #.##
#######.##.##.#..###..
#.##
..............#.....#.
##.<
#######.##..@h.(.(>... #..
#.#######....... #..
##.#### ##..... ###
#.....# #h..## ####
###..##.# #..... ##.##
#.......######...#####..##
#.#.....................##
#.#.......................
#.#....................###
#....#..####.....#####.#
##.###.###.# #......)....#


You could see a hound.

Vanquished Creatures
  4 bats (D:1)
  2 giant cockroaches (D:1)
  5 goblins
  7 hobgoblins
  5 giant newts
  2 kobolds (D:1)
  4 rats (D:1)
29 creatures vanquished.

Notes
Turn   | Place    | Note
--------------------------------------------------------------
     0 | D:1      | sorlin the Demigod Transmuter began the quest for the Orb.
     0 | D:1      | Reached XP level 1. HP: 15/15 MP: 5/5
   100 | D:1      | Reached skill level 3 in Unarmed Combat
   150 | D:1      | HP: 4/15 [hobgoblin (2)]
   175 | D:1      | HP: 4/15 [hobgoblin (1)]
   592 | D:1      | Reached XP level 2. HP: 18/22 MP: 7/7
  1379 | D:2      | Found a faded altar to an unknown god.
  1497 | D:2      | HP: 5/22 [hound (2)]
  1499 | D:2      | Slain by a hound

Vault maps used:
D:1:      dpeg_arrival_shrine
D:2:      ecumenical_altar_1, makhleb_heckhound_becter, uniq_sigmund

Action                   || total
-------------------------++-------
Melee: Unarmed           ||    85
       Headbutt          ||     9
       Kick              ||     6
       Punch             ||     1
Throw: Stone             ||     3
 Cast: Beastly Appendage ||    12
  Use: Scroll            ||     2
       Potion            ||     1
  Eat: Chunk             ||     2
Armor: Robe              ||    25
Dodge: Dodged            ||    70
